 Dungeon Crawl Stone Soup version 0.27-a0-1191-g601b473118 (webtiles) character file.

Game seed: 17828480108023080652

1454 bilbop the Covered (level 8, -2/70 HPs)
             Began as a Minotaur Fighter on May 23, 2021.
             Was a Follower of Yredelemnul.
             Shot with an arrow by something (5 damage)
             ... on level 5 of the Dungeon.
             The game lasted 00:21:23 (4148 turns).

bilbop the Covered (Minotaur Fighter)               Turns: 4148, Time: 00:21:23

Health: -2/70      AC: 14    Str: 21    XL:     8   Next: 47%
Magic:  10/10      EV:  6    Int:  5    God:    Yredelemnul [*.....]
Gold:   230        SH: 10    Dex: 12    Spells: 11/11 levels left

rFire    . . .     SeeInvis .   A - +1 whip (flame)
rCold    + . .     Faith    .   c - +0 kite shield
rNeg     . . .     Spirit   .   q - +0 chain mail
rPois    .         Reflect  .   (helmet restricted)
rElec    .         Harm     .   y - +0 cloak
rCorr    .         Rampage  .   p - +0 pair of gloves
Will     .....                  i - +0 pair of boots
Stlth    ..........             k - amulet of magic regeneration
HPRegen  0.21/turn              e - ring of protection from cold
MPRegen  0.37/turn              n - +4 ring of slaying

@: no status effects
A: horns 2, retaliatory headbutt
a: Renounce Religion, Animate Remains


You were on level 5 of the Dungeon.
You worshipped Yredelemnul.
Yredelemnul was aware of your devotion.
You visited 1 branch of the dungeon, and saw 6 of its levels.

You collected 230 gold pieces.

Inventory:

Hand Weapons
 a - a +0 flail
 f - a +0 mace
 A - a +1 whip of flaming (weapon)
Missiles
 B - a throwing net (quivered)
Armour
 b - a +0 scale mail
 c - a +0 kite shield (worn)
 i - a +0 pair of boots (worn)
 p - a +0 pair of gloves (worn)
 q - a +0 chain mail (worn)
 y - a +0 cloak (worn)
Jewellery
 e - a ring of protection from cold (left hand)
 k - an amulet of magic regeneration (around neck)
 l - a ring of protection from cold
 n - a +4 ring of slaying (right hand)
Wands
 o - a wand of paralysis (13)
 w - a wand of polymorph (1)
Scrolls
 g - 3 scrolls of identify {unknown}
 h - 3 scrolls of teleportation {unknown}
 j - a scroll of fog {unknown}
 m - a scroll of vulnerability {unknown}
 r - 2 scrolls of magic mapping {unknown}
 s - a scroll of enchant weapon {unknown}
 u - 2 scrolls of immolation {unknown}
Potions
 d - a potion of might
 t - a potion of brilliance {unknown}
 v - a potion of heal wounds {unknown}
 x - a potion of flight {unknown}
 z - a potion of haste


   Skills:
 + Level 6.1 Fighting
 + Level 5.4 Maces & Flails
 + Level 6.2 Armour
 + Level 6.0 Shields
 + Level 2.2 Spellcasting
 * Level 5.1 Invocations


You had 11 spell levels left.
You didn't know any spells.
Your spell library contained the following spells:

 Spells                   Type           Power      Damage    Failure   Level
 Animate Skeleton         Necr           0%         N/A       100%        1
 Apportation              Tloc           0%         N/A       100%        1
 Corona                   Hex            0%         N/A       100%        1
 Summon Small Mammal      Summ           0%         N/A       100%        1
 Confusing Touch          Hex            0%         N/A       100%        3
 Gell's Gravitas          Tloc           0%         N/A       100%        3
 Petrify                  Tmut/Erth      0%         N/A       100%        4
 Metabolic Englaciation   Hex/Ice        0%         N/A       100%        5
 Yara's Violent Unravell  Hex/Tmut       0%         3d3       100%        5


Dungeon Overview and Level Annotations

Branches:
Dungeon (6/15)             Temple (0/1) D:4

Altars:
Fedhas
Kikubaaqudgha
Vehumet
Yredelemnul

Annotations:
D:3 1 runed translucent door, leviel's ghost, amateur GrFi


Innate Abilities, Weirdness & Mutations

You have a pair of horns on your head.
You reflexively headbutt those who attack you in melee.


Message History

An arrow appears from out of thin air!
The arrow hits you! Something hits you but does no damage.
You hear a twanging sound.
An arrow appears from out of thin air!
The arrow hits you.
* * * LOW HITPOINT WARNING * * *
You whack something! You burn something. Something hits you but does no damage.
The sentinel's mark upon you fades away.
Something hits you but does no damage. Something kicks you but does no damage.
Something hits you but does no damage. Something kicks you but does no damage.
You see here a scorpion corpse.
You hear a twanging sound.
An arrow appears from out of thin air!
The arrow hits you!
* * * LOW HITPOINT WARNING * * *
You hear a twanging sound.
An arrow appears from out of thin air!
The arrow hits you but does no damage.
A sky beast appears from thin air!
Reactivating autopickup.
The sky beast flickers out of sight!
Deactivating autopickup; reactivate with Ctrl-A.
You hear a twanging sound.
An arrow appears from out of thin air!
You hear a twanging sound.
An arrow appears from out of thin air!
Reactivating autopickup.
You feel a bit more experienced.
You closely miss the bullfrog. You headbutt the bullfrog!
The bullfrog is severely wounded.
You block the bullfrog's attack.
You whack the bullfrog! You burn the bullfrog.
You kill the bullfrog!
Yredelemnul accepts your kill.
You hear a twanging sound.
An arrow appears from out of thin air!
Deactivating autopickup; reactivate with Ctrl-A.
The arrow hits you!
* * * LOW HITPOINT WARNING * * *
You hear a twanging sound.
An arrow appears from out of thin air!
The arrow hits you.
You die...
Your body rises from the dead as a mindless zombie.

###### #....# #....#
#....####
#.......##########
#.)..##..........#######
#....#########.l........
###..<.#######ll.####.####
#........@..{..### #.{.##
#.##.########### ###ll#
#.##.# ##.. #.##.# ###
#....# ####. ##..##
###.... #..# #...### #..#
###.### ##..# ######...#


You could see 2 iguanas.

Vanquished Creatures
  Pikel (D:4)
  Grinder (D:4)
  An ice beast (D:5)
  A necrophage (D:4)
  3 ogres
  A bullfrog (D:5)
  A scorpion (D:5)
  2 bullfrog skeletons
  2 orc priests
  Jessica (D:3)
  3 adders
  A white imp (D:6)
  2 ufetubi
  A worm (D:4)
  4 dart slugs
  6 orcs
  2 ball pythons (D:1)
  2 bats
  7 endoplasms
  5 giant cockroaches
  2 goblins
  3 hobgoblins
  5 kobolds
  2 quokkas
  A frilled lizard (D:2)
  5 rats (D:1)
65 creatures vanquished.

Vanquished Creatures (others)
  A sky beast (D:5)
  3 plants (D:4)
  5 withered plants (D:4)
9 creatures vanquished.

Grand Total: 74 creatures vanquished

Notes
Turn   | Place    | Note
-------+----------+-------------------------------------------
     0 | D:1      | bilbop the Minotaur Fighter began the quest for the Orb.
     0 | D:1      | Reached XP level 1. HP: 19/19 MP: 0/0
    90 | D:1      | Reached XP level 2. HP: 26/27 MP: 1/1
   130 | D:1      | Found a faded altar of an unknown god.
   833 | D:1      | You fall into a shaft and drop 1 floor!
   837 | D:2      | Reached XP level 3. HP: 31/33 MP: 2/2
   853 | D:2      | Found a basalt altar of Yredelemnul.
   862 | D:2      | Became a worshipper of Yredelemnul the Dark
  1772 | D:3      | Reached skill level 1 in Invocations
  1772 | D:3      | Reached XP level 4. HP: 26/40 MP: 3/3
  1949 | D:3      | You fall into a shaft and drop 3 floors!
  1956 | D:6      | Noticed a yak
  1957 | D:6      | Noticed a yak
  1957 | D:6      | Noticed a yak
  1958 | D:6      | Noticed a yak
  2043 | D:5      | Entered Level 5 of the Dungeon
  2242 | D:4      | Noticed an ogre
  2265 | D:3      | Reached XP level 5. HP: 47/47 MP: 5/5
  2345 | D:3      | Noticed leviel's ghost (amateur GrFi)
  2350 | D:3      | Found a runed translucent door.
  2792 | D:3      | Noticed Jessica
  2802 | D:3      | Killed Jessica
  2913 | D:4      | Noticed an ogre
  2923 | D:4      | Killed an ogre
  2924 | D:4      | Reached XP level 6. HP: 11/55 MP: 6/6
  3218 | D:4      | Noticed Grinder
  3224 | D:4      | Paralysed by Grinder for 5 turns
  3232 | D:4      | Killed Grinder
  3233 | D:4      | Reached skill level 5 in Fighting
  3233 | D:4      | Reached skill level 5 in Armour
  3233 | D:4      | Reached skill level 5 in Shields
  3233 | D:4      | Reached skill level 1 in Spellcasting
  3281 | D:4      | Found a staircase to the Ecumenical Temple.
  3332 | D:4      | Reached XP level 7. HP: 59/61 MP: 8/8
  3504 | D:4      | Noticed Pikel
  3519 | D:4      | Killed Pikel
  3520 | D:4      | Reached skill level 5 in Maces & Flails
  3520 | D:4      | Reached XP level 8. HP: 36/70 MP: 8/10
  3790 | D:4      | Found an ancient bone altar of Kikubaaqudgha.
  3793 | D:4      | Found a blossoming altar of Fedhas.
  3814 | D:4      | Found a radiant altar of Vehumet.
  4098 | D:5      | Noticed a +0 dagger
  4098 | D:5      | Noticed a +0 hand axe
  4120 | D:5      | Reached * piety under Yredelemnul
  4121 | D:5      | Reached skill level 5 in Invocations
  4148 | D:5      | HP: 3/70 [something (9)]
  4148 | D:5      | Shot with an arrow by something

Illustrated notes

Levels and vault maps discovered:
D:1:      dpeg_arrival_water_temple_mockup, layout_loops_ring,
          ebering_ecumenical_altar_sacrificial, minivault_26,
          chequers_decorated_corner
D:2:      layout_loops_cross, basic_altar, minmay_worlds_worst_comb
D:3:      layout_loops_ring, hellmonk_ghost_happy_afterlife,
          kennysheep_big_empty_room, st_stairs_2, uniq_jessica
D:4:      layout_cave_pools, grunt_temple_overflow_growth_and_decay,
          lemuel_doored_altar, minmay_temple_entry_glass, uniq_pikel,
          uniq_grinder
D:5:      layout_rooms, dancing_weapons_uskayaw
D:6:      layout_basic, ebering_ghost_sewer_f, minmay_strange_pillars,
          uniq_blork_the_orc

Skill      XL: |  1  2  3  4  5  6  7  8 |
---------------+-------------------------+-----
Armour         | 4 5 6 |  6.2
Fighting       | 4 5 6 |  6.1
Shields        | 4 5 6 |  6.0
Maces & Flails | 3 4 5 |  5.4
Invocations    | 1 2 3 4 5 |  5.1
Spellcasting   | 1 2 |  2.2

Action                   |  1- 3 |  4- 6 |  7- 9 || total
-------------------------+-------+-------+-------++-------
Melee: Mace              |    79 |    69 |    25 ||   173
       Headbutt          |     8 |    13 |    18 ||    39
       Unarmed           |       |     3 |       ||     3
       Whip              |       |       |    34 ||    34
Armor: Scale mail        |    31 |       |       ||    31
       Chain mail        |       |    33 |    59 ||    92
Dodge: Dodged            |    35 |    17 |     9 ||    61
Block: Kite shield       |    46 |    37 |    35 ||   118

Table legend: (Time is in decaauts)
 A = Elapsed time spent in this place.
 B = Non-inter-level travel time spent in this place.
 C = Inter-level travel time spent in this place.
 D = Time resting spent in this place.
 E = Time spent auto-exploring this place.
 F = Levels seen in this place.
 G = Mean time per level.
                   A        B        C        D        E       F      G
               +--------+--------+--------+--------+--------+-----+--------+
         Total |   4225 |   4042 |    183 |    569 |   2653 |   6 |  704.2 |
       Dungeon |   4225 |   4042 |    183 |    569 |   2653 |   6 |  704.2 |
               +--------+--------+--------+--------+--------+-----+--------+

Top non-repeatable levels by time:
     D:3: 1190 daAuts
     D:4: 1056 daAuts
     D:1: 975 daAuts
     D:2: 706 daAuts
     D:5: 199 daAuts
     D:6: 98 daAuts
